Blue Jackets vs Penguins (R1)

Created - 6 mars 2016 at 19:34

Goals
1 2 3 T
Blue Jackets 0 2 0 2
Penguins 0 1 3 4
Shots
1 2 3 T
Blue Jackets 7 11 3 21
Penguins 12 8 15 35

1st period

No Goal

Penalties :
Bobby Ryan (Pit) for Hooking (Minor) at 4:29, Brian McGrattan (Pit) for Hooking (Minor) at 8:41, Mike Lundin (Clb) for Interference (Minor) at 9:15, François Beauchemin (Clb) for Hooking (Minor) at 14:11

2nd period

1. Blue Jackets , Ramzi Abid 8 (Mike Commodore) at 1:49
2. Penguins , Sean Zimmerman 5 (Ryan Kesler, Ladislav Nagy) at 8:37
3. Blue Jackets , Joe Thornton 29 (David Booth, Tyler Myers) at 15:21

Penalties :
Steven Stamkos (Pit) for Holding (Minor) at 3:46, Nathan Horton (Pit) for Interference (Minor) at 10:03, Joe Thornton (Clb) for Hooking (Minor) at 12:55

3rd period

4. Penguins , Bobby Ryan 28 (Sean Zimmerman, Nathan Horton) at 2:36
5. Penguins , Steven Stamkos 25 (Dustin Penner) at 10:08
6. Penguins , Ryan Kesler 27 (Simon Gagné) at 19:31 (Empty Net)

Penalties :
Sean Zimmerman (Pit) for Holding (Minor) at 0:22, Joe Thornton (Clb) for Slashing (Minor) at 4:26, Joe Thornton (Clb) for Hooking (Minor) at 10:17, Dave Steckel (Clb) for Hooking (Minor) at 16:20

Goalie Stats

Rick DiPietro (Clb), 31 saves from 34 shots - (0,912), L, 26-13-7, 59:30 minutes
Brian Elliott (Pit), 19 saves from 21 shots - (0,905), W, 33-19-3, 60:00 minutes

Players Stats for Blue Jackets

Player Name              G  A  P  +/- PIM S  H  SB GA TA FO     MP     PP MP  PK MP  
------------------------------------------------------------------------------------
Adam Deadmarsh           0  0  0   0  0   0  0  0  0  0  1/2     7:55   0:14   0:00 
Branislav Mezei          0  0  0   0  0   0  3  1  1  0  0/0    30:02   5:30   6:09 
Cory Emmerton            0  0  0  -1  0   0  1  0  0  0  4/4     7:13   0:00   0:00 
Dave Steckel             0  0  0  -1  2   1  2  0  0  0  6/10   13:28   0:00   3:27 
David Booth              0  1  1  -1  0   2  2  0  1  0  1/1    25:12   4:17   6:17 
François Beauchemin      0  0  0  -2  2   1  4  1  0  1  0/0    22:30   3:42   3:41 
Jan Bulis                0  0  0   0  0   0  0  0  0  0  5/14   16:10   3:38   2:09 
Jason Ward               0  0  0  -1  0   0  2  0  0  0  0/1     7:13   0:00   0:00 
Jeff Taffe               0  0  0  -1  0   0  2  0  1  0  0/0    11:21   0:39   2:22 
Joe Thornton             1  0  1  -1  6   4  2  0  1  0  16/29  22:16   4:22   3:03 
Kevin Bieksa             0  0  0  -2  0   1  2  1  0  1  0/0    23:39   3:00   4:48 
Marcus Nilson            0  0  0   0  0   6  1  1  0  1  0/0    15:58   3:38   1:50 
Mike Commodore           0  1  1  -1  0   1  0  2  0  2  0/0    22:12   2:31   0:44 
Mike Lundin              0  0  0   0  2   0  0  0  0  1  0/0     5:49   2:16   0:21 
Patric Hornqvist         0  0  0   0  0   1  0  1  0  2  0/2    18:04   4:19   1:50 
Pavel Bure               0  0  0   0  0   0  0  1  0  1  0/0    13:46   3:38   0:00 
Ramzi Abid               1  0  1   0  0   4  1  0  0  0  1/1     9:09   0:45   0:00 
Tyler Myers              0  1  1   1  0   0  0  2  0  1  0/0    16:03   0:00   5:15 

Players Stats for Penguins

Player Name              G  A  P  +/- PIM S  H  SB GA TA FO     MP     PP MP  PK MP  
------------------------------------------------------------------------------------
Bobby Ryan               1  0  1   2  2   6  2  0  1  0  0/1    19:45   4:49   2:13 
Brendan Smith            0  0  0   0  0   1  0  0  0  0  0/0    10:57   0:06   1:27 
Brent Sopel              0  0  0   0  0   3  0  4  1  0  0/0    21:13   5:55   0:00 
Brian McGrattan          0  0  0   0  2   4  0  0  0  0  0/0     6:33   0:09   0:00 
Brooks Orpik             0  0  0   0  0   0  0  0  0  1  0/0    19:04   5:55   3:24 
David Jones              0  0  0  -1  0   2  1  1  0  0  1/1    10:00   0:00   0:00 
Denis Arkhipov           0  0  0   0  0   1  1  0  0  1  2/3     8:23   0:15   1:36 
Duncan Keith             0  0  0   3  0   1  2  1  2  0  0/0    25:38   4:28   5:06 
Dustin Penner            0  1  1   0  0   0  1  0  0  0  2/3    18:01   5:31   1:40 
Ladislav Nagy            0  1  1   0  0   3  0  0  0  0  0/0     6:41   0:01   0:12 
Luke Schenn              0  0  0  -1  0   1  2  1  0  0  0/0    16:54   0:06   3:24 
Nathan Horton            0  1  1   2  2   3  1  0  0  1  0/1    19:06   5:31   2:12 
Oleg Kvasha              0  0  0  -1  0   1  0  0  0  0  3/8    10:12   0:00   0:12 
Ryan Kesler              1  1  2   2  0   2  0  1  1  0  8/22   22:23   4:57   4:30 
Sean Zimmerman           1  1  2   3  2   2  1  0  1  1  0/0    26:28   4:28   3:39 
Simon Gagné              0  1  1   2  0   0  0  2  0  0  2/3    22:08   4:57   4:25 
Steve Sullivan           0  0  0  -1  0   2  0  0  2  0  0/0    10:00   0:00   0:00 
Steven Stamkos           1  0  1   0  2   3  2  0  2  0  12/22  16:34   5:17   0:00 

3 Stars

1 - Ryan Kesler (Pit)
2 - Sean Zimmerman (Pit)
3 - Bobby Ryan (Pit)

Power Play

Blue Jackets - 0 on 5 Attempt(s) - 0,00%
Penguins - 0 on 6 Attempt(s) - 0,00%

Penalty Kill

Blue Jackets - 6 on 6 Attempt(s) - 100,00% - Score 0 goal in Penalty Kill
Penguins - 5 on 5 Attempt(s) - 100,00% - Score 0 goal in Penalty Kill

Team Stat

Blue Jackets - Hits : 22 - Faceoff Wins : 34 - Blocked Shots : 10 - Penalty Minutes : 12
Penguins - Hits : 13 - Faceoff Wins : 30 - Blocked Shots : 10 - Penalty Minutes : 10

Official

Referees : Kimmerly Greg and StLaurent Francois
Linesman : Jay Sharrers and Tony Sericolo

Game Notes

Mike Lundin is injured at 14:32 of 1st period (Right Forearm)
Ryan Kesler has scored in a empty net!

Finance

Level 1 -- Attendance: 6000 (100,00%) -- Ticket Income 462 000 $
Level 2 -- Attendance: 5000 (100,00%) -- Ticket Income 225 000 $
Level 3 -- Attendance: 1987 (99,35%) -- Ticket Income 55 636 $
Level 4 -- Attendance: 3887 (97,18%) -- Ticket Income 77 740 $
Luxury Box -- Attendance: 1000 (100,00%) -- Ticket Income 160 000 $
Game was played at the Igloo.
Total Attendance: 17874 (99,30%)
Total Ticket Income: 980 376 $
Other Income: 147 056 $
Total Income: 1 127 432 $

Blue Jackets

5 vs 5 Forward 
   Center                   Left Wing                Right Wing               Time % Phy DF OF 
 1 Joe Thornton             David Booth              Patric Hornqvist         40     1   2  2  
 2 Jan Bulis                Marcus Nilson            Pavel Bure               30     1   2  2  
 3 Dave Steckel             Ramzi Abid               Adam Deadmarsh           20     1   2  2  
 4 Cory Emmerton            Jeff Taffe               Jason Ward               10     1   2  2  

5 vs 5 Defense 
   Defense                  Defense                                           Time % Phy DF OF 
 1 Branislav Mezei          Mike Lundin                                       40     1   2  2  
 2 Kevin Bieksa             François Beauchemin                               30     1   2  2  
 3 Mike Commodore           Tyler Myers                                       20     1   2  2  
 4 Branislav Mezei          Mike Lundin                                       10     1   2  2  

PowerPlay Forward 
   Center                   Left Wing                Right Wing               Time % Phy DF OF 
 1 Joe Thornton             David Booth              Patric Hornqvist         60     1   2  2  
 2 Jan Bulis                Marcus Nilson            Pavel Bure               40     1   2  2  

PowerPlay Defense
   Defense                  Defense                                           Time % Phy DF OF 
 1 Branislav Mezei          Mike Lundin                                       60     1   2  2  
 2 Kevin Bieksa             François Beauchemin                               40     1   2  2  

Penalty Kill 4 Players Forward 
   Center                   Wing                     Time % Phy DF OF 
 1 Joe Thornton             David Booth              60     1   2  2  
 2 Patric Hornqvist         Marcus Nilson            40     1   2  2  

Penalty Kill 4 Players Defense
   Defense                  Defense                  Time % Phy DF OF 
 1 Branislav Mezei          Mike Lundin              60     1   2  2  
 2 Kevin Bieksa             François Beauchemin      40     1   2  2  

Penalty Kill - 3 Players Forward 
   Forward                                           Time % Phy DF OF 
 1 Joe Thornton                                      60     1   2  2  
 2 David Booth                                       40     1   2  2  

Penalty Kill - 3 Players Defense
   Defense                  Defense                  Time % Phy DF OF 
 1 Branislav Mezei          Mike Lundin              60     1   2  2  
 2 Kevin Bieksa             François Beauchemin      40     1   2  2  

4 vs 4 Forward 
   Center                   Wing                     Time % Phy DF OF 
 1 Joe Thornton             David Booth              60     1   2  2  
 2 Patric Hornqvist         Marcus Nilson            40     1   2  2  

4 vs 4 Defense
   Defense                  Defense                  Time % Phy DF OF 
 1 Branislav Mezei          Mike Lundin              60     1   2  2  
 2 Kevin Bieksa             François Beauchemin      40     1   2  2  

Last Minutes Offensive
   Center                   Left Wing                Right Wing               Defense                  Defense                  
   Joe Thornton             David Booth              Patric Hornqvist         Branislav Mezei          Mike Lundin              

Last Minutes Defensive
   Center                   Left Wing                Right Wing               Defense                  Defense                  
   Joe Thornton             David Booth              Patric Hornqvist         Branislav Mezei          Mike Lundin              

Goaltenders
Starting : Rick DiPietro            
Backup : Niklas Backstrom         

Extra Forwards
Normal : Ramzi Abid, Jeff Taffe, Dave Steckel - PP : Ramzi Abid, Jeff Taffe - PK : Dave Steckel
Extra Defensemen
Normal : Mike Commodore, Tyler Myers, Kevin Bieksa - PP : Mike Commodore - PK : Tyler Myers, Kevin Bieksa
Penalty Shots
Joe Thornton, David Booth, Patric Hornqvist, Marcus Nilson, Pavel Bure

Penguins

5 vs 5 Forward 
   Center                   Left Wing                Right Wing               Time % Phy DF OF 
 1 Ryan Kesler              Simon Gagné              Bobby Ryan               35     1   0  4  
 2 Steven Stamkos           Dustin Penner            Nathan Horton            35     0   0  5  
 3 Oleg Kvasha              Steve Sullivan           David Jones              20     1   0  4  
 4 Denis Arkhipov           Ladislav Nagy            Brian McGrattan          10     1   0  4  

5 vs 5 Defense 
   Defense                  Defense                                           Time % Phy DF OF 
 1 Sean Zimmerman           Duncan Keith                                      40     1   2  2  
 2 Luke Schenn              Brent Sopel                                       30     1   2  2  
 3 Brooks Orpik             Brendan Smith                                     20     1   2  2  
 4 Sean Zimmerman           Brent Sopel                                       10     1   2  2  

PowerPlay Forward 
   Center                   Left Wing                Right Wing               Time % Phy DF OF 
 1 Ryan Kesler              Simon Gagné              Bobby Ryan               50     0   0  5  
 2 Steven Stamkos           Dustin Penner            Nathan Horton            50     0   0  5  

PowerPlay Defense
   Defense                  Defense                                           Time % Phy DF OF 
 1 Sean Zimmerman           Duncan Keith                                      50     0   1  4  
 2 Brooks Orpik             Brent Sopel                                       50     0   1  4  

Penalty Kill 4 Players Forward 
   Center                   Wing                     Time % Phy DF OF 
 1 Ryan Kesler              Simon Gagné              60     0   5  0  
 2 Nathan Horton            Bobby Ryan               40     0   5  0  

Penalty Kill 4 Players Defense
   Defense                  Defense                  Time % Phy DF OF 
 1 Sean Zimmerman           Duncan Keith             60     0   5  0  
 2 Brooks Orpik             Luke Schenn              40     0   5  0  

Penalty Kill - 3 Players Forward 
   Forward                                           Time % Phy DF OF 
 1 Simon Gagné                                       60     0   5  0  
 2 Nathan Horton                                     40     0   5  0  

Penalty Kill - 3 Players Defense
   Defense                  Defense                  Time % Phy DF OF 
 1 Sean Zimmerman           Duncan Keith             60     0   5  0  
 2 Brooks Orpik             Luke Schenn              40     0   5  0  

4 vs 4 Forward 
   Center                   Wing                     Time % Phy DF OF 
 1 Ryan Kesler              Simon Gagné              50     0   1  4  
 2 Steven Stamkos           Bobby Ryan               50     0   1  4  

4 vs 4 Defense
   Defense                  Defense                  Time % Phy DF OF 
 1 Sean Zimmerman           Duncan Keith             50     1   2  2  
 2 Luke Schenn              Brent Sopel              50     1   2  2  

Last Minutes Offensive
   Center                   Left Wing                Right Wing               Defense                  Defense                  
   Ryan Kesler              Simon Gagné              Bobby Ryan               Sean Zimmerman           Duncan Keith             

Last Minutes Defensive
   Center                   Left Wing                Right Wing               Defense                  Defense                  
   Ryan Kesler              Simon Gagné              Nathan Horton            Sean Zimmerman           Duncan Keith             

Goaltenders
Starting : Brian Elliott            
Backup : Josh Tordjman            

Extra Forwards
Normal : Ryan Kesler, Steven Stamkos, Bobby Ryan - PP : Ryan Kesler, Steven Stamkos - PK : Simon Gagné
Extra Defensemen
Normal : Sean Zimmerman, Duncan Keith, Brent Sopel - PP : Luke Schenn - PK : Sean Zimmerman, Duncan Keith
Penalty Shots
Ryan Kesler, Simon Gagné, Nathan Horton, Bobby Ryan, Steven Stamkos

% Time on Ice - Blue Jackets

Lines # - Real PCT - Wanted PCT - Time Play
Normal Forward
1 - 37% - 40% - 14:35
2 - 26% - 30% - 10:15
3 - 19% - 20% - 7:33
4 - 18% - 10% - 7:13
Normal Defense
1 - 47% - 40% - 18:36
2 - 33% - 30% - 13:10
3 - 17% - 20% - 6:52
4 - 2% - 10% - 0:58
PP Forward
1 - 55% - 60% - 4:40
2 - 45% - 40% - 3:50
PP Defense
1 - 65% - 60% - 5:30
2 - 35% - 40% - 3:00
PK Forward
1 - 83% - 60% - 8:39
2 - 17% - 40% - 1:50
PK Defense
1 - 66% - 60% - 6:55
2 - 34% - 40% - 3:34
PK3 Forward
1 - 0% - 60%
2 - 0% - 40%
PK3 Defense
1 - 0% - 60%
2 - 0% - 40%
44 Forward
1 - 74% - 60% - 1:03
2 - 26% - 40% - 0:22
44 Defense
1 - 86% - 60% - 1:13
2 - 14% - 40% - 0:12
Last Minute Offensive  - 0:00
Last Minute Defensive  - 0:00
Total
Forward - 60:00
Defense - 60:00

% Time on Ice - Penguins

Lines # - Real PCT - Wanted PCT - Time Play
Normal Forward
1 - 31% - 35% - 11:54
2 - 28% - 35% - 10:45
3 - 26% - 20% - 10:00
4 - 16% - 10% - 6:10
Normal Defense
1 - 40% - 40% - 15:22
2 - 34% - 30% - 13:18
3 - 20% - 20% - 7:46
4 - 6% - 10% - 2:23
PP Forward
1 - 47% - 50% - 4:57
2 - 53% - 50% - 5:32
PP Defense
1 - 43% - 50% - 4:28
2 - 57% - 50% - 6:01
PK Forward
1 - 66% - 60% - 5:37
2 - 34% - 40% - 2:53
PK Defense
1 - 60% - 60% - 5:06
2 - 40% - 40% - 3:24
PK3 Forward
1 - 0% - 60%
2 - 0% - 40%
PK3 Defense
1 - 0% - 60%
2 - 0% - 40%
44 Forward
1 - 51% - 50% - 0:43
2 - 49% - 50% - 0:42
44 Defense
1 - 49% - 50% - 0:42
2 - 51% - 50% - 0:43
Last Minute Offensive  - 0:00
Last Minute Defensive  - 0:47
Total
Forward - 60:00
Defense - 60:00

Play by Play

1st period


0:01 of 1st period - Ryan Kesler wins face-off versus Joe Thornton in neutral zone.
0:47 of 1st period - Wrist shot by Oleg Kvasha.
0:47 of 1st period - Deflect By David Jones.
0:47 of 1st period - Stopped by Rick DiPietro without a rebound.
0:48 of 1st period - Dave Steckel wins face-off versus Oleg Kvasha in Blue Jackets zone.
1:46 of 1st period - Wrist shot by Bobby Ryan.
1:46 of 1st period - Stopped by Rick DiPietro without a rebound.
1:47 of 1st period - Steven Stamkos wins face-off versus Jason Ward in Blue Jackets zone.
1:48 of 1st period - Slapshot by Dustin Penner.
1:48 of 1st period - Deflect By Steven Stamkos.
1:48 of 1st period - Shot Misses the Net.
1:48 of 1st period - Puck is out of play.
1:49 of 1st period - Cory Emmerton wins face-off versus Steven Stamkos in Blue Jackets zone.
2:14 of 1st period - Branislav Mezei is hit by Bobby Ryan and loses puck.
2:32 of 1st period - Icing by Mike Lundin.
2:33 of 1st period - Joe Thornton wins face-off versus Oleg Kvasha in Blue Jackets zone.
2:44 of 1st period - Wrist shot by Marcus Nilson.
2:44 of 1st period - Stopped by Brian Elliott without a rebound.
2:45 of 1st period - Steven Stamkos wins face-off versus Dave Steckel in Penguins zone.
2:52 of 1st period - Snap shot by Dustin Penner.
2:52 of 1st period - Shot Misses the Net.
2:54 of 1st period - Slapshot by Brent Sopel.
2:54 of 1st period - Stopped by Rick DiPietro with a rebound.
2:56 of 1st period - Slapshot by Sean Zimmerman.
2:56 of 1st period - Shot Blocked by Tyler Myers.
3:12 of 1st period - Bobby Ryan is hit by Joe Thornton and loses puck.
4:20 of 1st period - Wrist shot by Steven Stamkos.
4:20 of 1st period - Stopped by Rick DiPietro without a rebound.
4:21 of 1st period - Joe Thornton wins face-off versus Ryan Kesler in Blue Jackets zone.
4:29 of 1st period - Minor Penalty to Bobby Ryan for Hooking.
4:30 of 1st period - Joe Thornton wins face-off versus Ryan Kesler in Penguins zone.
4:36 of 1st period - Snap shot by Patric Hornqvist.
4:36 of 1st period - Stopped by Brian Elliott with a rebound.
4:46 of 1st period - Simon Gagné is hit by Joe Thornton and loses puck.
5:17 of 1st period - Snap shot by Patric Hornqvist.
5:17 of 1st period - Shot Misses the Net.
5:35 of 1st period - Wrist shot by Patric Hornqvist.
5:35 of 1st period - Shot Blocked by Luke Schenn.
6:29 of 1st period - Penalty to Bobby Ryan is over, Bobby Ryan is back on ice.
7:58 of 1st period - Duncan Keith is hit by Dave Steckel and loses puck.
8:29 of 1st period - Brooks Orpik is hit by François Beauchemin and loses puck.
8:41 of 1st period - Minor Penalty to Brian McGrattan for Hooking.
8:42 of 1st period - Jan Bulis wins face-off versus Ryan Kesler in Penguins zone.
9:12 of 1st period - Slapshot by Nathan Horton.
9:12 of 1st period - Stopped by Rick DiPietro without a rebound.
9:13 of 1st period - Joe Thornton wins face-off versus Nathan Horton in Blue Jackets zone.
9:15 of 1st period - Minor Penalty to Mike Lundin for Interference.
9:16 of 1st period - Joe Thornton wins face-off versus Ryan Kesler in Blue Jackets zone.
10:41 of 1st period - Penalty to Brian McGrattan is over, Brian McGrattan is back on ice.
11:15 of 1st period - Penalty to Mike Lundin is over, Mike Lundin is back on ice.
11:26 of 1st period - Backhand shot by Marcus Nilson.
11:26 of 1st period - Stopped by Brian Elliott without a rebound.
11:27 of 1st period - Oleg Kvasha wins face-off versus Jan Bulis in Penguins zone.
11:32 of 1st period - Snap shot by Steve Sullivan.
11:32 of 1st period - Shot Misses the Net.
11:34 of 1st period - Slapshot by Luke Schenn.
11:34 of 1st period - Stopped by Rick DiPietro with a rebound.
11:36 of 1st period - Slapshot by Brent Sopel.
11:36 of 1st period - Stopped by Rick DiPietro without a rebound.
11:37 of 1st period - Steven Stamkos wins face-off versus Jan Bulis in Blue Jackets zone.
12:12 of 1st period - Snap shot by Marcus Nilson.
12:12 of 1st period - Shot Misses the Net.
12:14 of 1st period - Backhand shot by Marcus Nilson.
12:14 of 1st period - Stopped by Brian Elliott with a rebound.
12:18 of 1st period - Wrist shot by Marcus Nilson.
12:18 of 1st period - Stopped by Brian Elliott without a rebound.
12:19 of 1st period - Simon Gagné wins face-off versus Joe Thornton in Penguins zone.
12:46 of 1st period - Wrist shot by Ramzi Abid.
12:46 of 1st period - Stopped by Brian Elliott without a rebound.
12:47 of 1st period - Denis Arkhipov wins face-off versus Adam Deadmarsh in Penguins zone.
13:33 of 1st period - Slapshot by Steven Stamkos.
13:33 of 1st period - Shot Misses the Net.
13:35 of 1st period - Snap shot by Nathan Horton.
13:35 of 1st period - Stopped by Rick DiPietro with a rebound.
14:02 of 1st period - Sean Zimmerman is hit by François Beauchemin and loses puck.
14:11 of 1st period - Minor Penalty to François Beauchemin for Hooking.
14:12 of 1st period - Joe Thornton wins face-off versus Ryan Kesler in Blue Jackets zone.
14:31 of 1st period - Mike Lundin is hit by Bobby Ryan and loses puck.
14:32 of 1st period - Mike Lundin from Blue Jackets is injured at 14:32 of 1st period (Right Forearm).
14:33 of 1st period - Steven Stamkos wins face-off versus Joe Thornton in Blue Jackets zone.
15:29 of 1st period - Wrist shot by Joe Thornton.
15:29 of 1st period - Shot Misses the Net.
15:50 of 1st period - Bobby Ryan is hit by David Booth.
15:59 of 1st period - Kevin Bieksa is hit by Sean Zimmerman and loses puck.
16:11 of 1st period - Penalty to François Beauchemin is over, François Beauchemin is back on ice.
16:24 of 1st period - Snap shot by Ryan Kesler.
16:24 of 1st period - Deflect By Bobby Ryan.
16:24 of 1st period - Stopped by Rick DiPietro with a rebound.
16:26 of 1st period - Snap shot by Bobby Ryan.
16:26 of 1st period - Stopped by Rick DiPietro without a rebound.
16:27 of 1st period - Steven Stamkos wins face-off versus Jan Bulis in Blue Jackets zone.
16:32 of 1st period - Snap shot by Steven Stamkos.
16:32 of 1st period - Shot Misses the Net.
16:34 of 1st period - Wrist shot by Dustin Penner.
16:34 of 1st period - Shot Misses the Net.
16:36 of 1st period - Wrist shot by Nathan Horton.
16:36 of 1st period - Shot Misses the Net.
17:14 of 1st period - Oleg Kvasha is hit by Jason Ward and loses puck.
17:21 of 1st period - Slapshot by Cory Emmerton.
17:21 of 1st period - Shot Blocked by Brent Sopel.
17:23 of 1st period - Slapshot by Mike Commodore.
17:23 of 1st period - Stopped by Brian Elliott with a rebound.
18:01 of 1st period - Wrist shot by Cory Emmerton.
18:01 of 1st period - Shot Misses the Net.
18:53 of 1st period - Wrist shot by Steve Sullivan.
18:53 of 1st period - Stopped by Rick DiPietro with a rebound.
18:55 of 1st period - Slapshot by Steve Sullivan.
18:55 of 1st period - Deflect By Oleg Kvasha.
18:55 of 1st period - Shot Misses the Net.
18:55 of 1st period - Puck is out of play.
18:56 of 1st period - Steven Stamkos wins face-off versus Jan Bulis in Blue Jackets zone.
19:03 of 1st period - Snap shot by Dustin Penner.
19:03 of 1st period - Deflect By Steven Stamkos.
19:03 of 1st period - Shot Misses the Net.
19:03 of 1st period - Puck is out of play.
19:04 of 1st period - Steven Stamkos wins face-off versus Jan Bulis in Blue Jackets zone.
19:09 of 1st period - Slapshot by Nathan Horton.
19:09 of 1st period - Shot Blocked by Pavel Bure.
19:11 of 1st period - Snap shot by Nathan Horton.
19:11 of 1st period - Shot Misses the Net.
19:59 of 1st period - Snap shot by Bobby Ryan.
19:59 of 1st period - Stopped by Rick DiPietro without a rebound.
Goals for this period are 0 for Blue Jackets vs 0 for Penguins.
Shots for this period are 7 for Blue Jackets vs 12 for Penguins.

2nd period


0:01 of 2nd period - Joe Thornton wins face-off versus Ryan Kesler in neutral zone.
1:16 of 2nd period - Slapshot by Kevin Bieksa.
1:16 of 2nd period - Stopped by Brian Elliott without a rebound.
1:17 of 2nd period - Ryan Kesler wins face-off versus Jan Bulis in Penguins zone.
1:44 of 2nd period - Dustin Penner is hit by Dave Steckel and loses puck.
1:49 of 2nd period - Snap shot by Ramzi Abid.
1:49 of 2nd period - Goal by Ramzi Abid - Blue Jackets : 1 - Penguins : 0.
1:50 of 2nd period - Ryan Kesler wins face-off versus Jan Bulis in neutral zone.
2:03 of 2nd period - Wrist shot by Marcus Nilson.
2:03 of 2nd period - Deflect By Pavel Bure.
2:03 of 2nd period - Shot Misses the Net.
2:03 of 2nd period - Puck is out of play.
2:04 of 2nd period - Joe Thornton wins face-off versus Steven Stamkos in Penguins zone.
2:07 of 2nd period - Snap shot by Joe Thornton.
2:07 of 2nd period - Stopped by Brian Elliott without a rebound.
2:08 of 2nd period - Steven Stamkos wins face-off versus Joe Thornton in Penguins zone.
2:36 of 2nd period - Icing by Patric Hornqvist.
2:37 of 2nd period - Denis Arkhipov wins face-off versus Joe Thornton in Blue Jackets zone.
2:42 of 2nd period - Wrist shot by Brian McGrattan.
2:42 of 2nd period - Stopped by Rick DiPietro with a rebound.
2:44 of 2nd period - Slapshot by Sean Zimmerman.
2:44 of 2nd period - Deflect By Ladislav Nagy.
2:44 of 2nd period - Stopped by Rick DiPietro with a rebound.
3:02 of 2nd period - David Booth is hit by Duncan Keith and loses puck.
3:15 of 2nd period - Snap shot by Joe Thornton.
3:15 of 2nd period - Shot Misses the Net.
3:17 of 2nd period - Snap shot by Mike Commodore.
3:17 of 2nd period - Shot Misses the Net.
3:19 of 2nd period - Slapshot by Branislav Mezei.
3:19 of 2nd period - Shot Blocked by Brent Sopel.
3:21 of 2nd period - Wrist shot by Joe Thornton.
3:21 of 2nd period - Shot Misses the Net.
3:23 of 2nd period - Backhand shot by David Booth.
3:23 of 2nd period - Shot Misses the Net.
3:29 of 2nd period - Wrist shot by Patric Hornqvist.
3:29 of 2nd period - Shot Blocked by Simon Gagné.
3:31 of 2nd period - Slapshot by Branislav Mezei.
3:31 of 2nd period - Shot Misses the Net.
3:33 of 2nd period - Snap shot by David Booth.
3:33 of 2nd period - Shot Misses the Net.
3:35 of 2nd period - Snap shot by Joe Thornton.
3:35 of 2nd period - Stopped by Brian Elliott without a rebound.
3:36 of 2nd period - Jan Bulis wins face-off versus Steven Stamkos in Penguins zone.
3:46 of 2nd period - Minor Penalty to Steven Stamkos for Holding.
3:47 of 2nd period - Jan Bulis wins face-off versus Ryan Kesler in Penguins zone.
5:11 of 2nd period - Nathan Horton is hit by David Booth and loses puck.
5:46 of 2nd period - Penalty to Steven Stamkos is over, Steven Stamkos is back on ice.
5:52 of 2nd period - David Jones is hit by Branislav Mezei and loses puck.
6:32 of 2nd period - Dustin Penner is hit by Kevin Bieksa and loses puck.
6:37 of 2nd period - Snap shot by Ramzi Abid.
6:37 of 2nd period - Shot Misses the Net.
6:45 of 2nd period - Snap shot by Ramzi Abid.
6:45 of 2nd period - Stopped by Brian Elliott with a rebound.
6:47 of 2nd period - Snap shot by François Beauchemin.
6:47 of 2nd period - Deflect By Ramzi Abid.
6:47 of 2nd period - Deflect By Nathan Horton.
6:47 of 2nd period - Shot Blocked by Brent Sopel.
6:47 of 2nd period - Puck is out of play.
6:48 of 2nd period - Jan Bulis wins face-off versus Ryan Kesler in Penguins zone.
6:58 of 2nd period - Snap shot by Marcus Nilson.
6:58 of 2nd period - Shot Misses the Net.
7:00 of 2nd period - Snap shot by Jan Bulis.
7:00 of 2nd period - Deflect By Marcus Nilson.
7:00 of 2nd period - Stopped by Brian Elliott without a rebound.
7:01 of 2nd period - Joe Thornton wins face-off versus Ryan Kesler in Penguins zone.
7:12 of 2nd period - Slapshot by David Booth.
7:12 of 2nd period - Stopped by Brian Elliott with a rebound.
8:20 of 2nd period - David Booth is hit by Denis Arkhipov and loses puck.
8:37 of 2nd period - Backhand shot by Sean Zimmerman.
8:37 of 2nd period - Goal by Sean Zimmerman - Blue Jackets : 1 - Penguins : 1.
8:38 of 2nd period - Joe Thornton wins face-off versus Bobby Ryan in neutral zone.
8:49 of 2nd period - Joe Thornton is hit by Luke Schenn and loses puck.
9:52 of 2nd period - Snap shot by Branislav Mezei.
9:52 of 2nd period - Shot Blocked by Simon Gagné.
9:58 of 2nd period - Slapshot by Adam Deadmarsh.
9:58 of 2nd period - Deflect By Bobby Ryan.
9:58 of 2nd period - Shot Misses the Net.
9:58 of 2nd period - Puck is out of play.
9:59 of 2nd period - Joe Thornton wins face-off versus Steven Stamkos in Penguins zone.
10:03 of 2nd period - Minor Penalty to Nathan Horton for Interference.
10:04 of 2nd period - Joe Thornton wins face-off versus Ryan Kesler in Penguins zone.
10:29 of 2nd period - Duncan Keith is hit by François Beauchemin and loses puck.
10:46 of 2nd period - Snap shot by Joe Thornton.
10:46 of 2nd period - Stopped by Brian Elliott with a rebound.
12:03 of 2nd period - Penalty to Nathan Horton is over, Nathan Horton is back on ice.
12:09 of 2nd period - Slapshot by Duncan Keith.
12:09 of 2nd period - Stopped by Rick DiPietro without a rebound.
12:10 of 2nd period - Cory Emmerton wins face-off versus Oleg Kvasha in Blue Jackets zone.
12:16 of 2nd period - Off-side.
12:17 of 2nd period - Cory Emmerton wins face-off versus Oleg Kvasha in neutral zone.
12:33 of 2nd period - Wrist shot by Cory Emmerton.
12:33 of 2nd period - Shot Misses the Net.
12:51 of 2nd period - Wrist shot by Nathan Horton.
12:51 of 2nd period - Stopped by Rick DiPietro without a rebound.
12:52 of 2nd period - Ryan Kesler wins face-off versus Joe Thornton in Blue Jackets zone.
12:53 of 2nd period - Wrist shot by Simon Gagné.
12:53 of 2nd period - Shot Misses the Net.
12:55 of 2nd period - Minor Penalty to Joe Thornton for Hooking.
12:56 of 2nd period - Dave Steckel wins face-off versus Steven Stamkos in Blue Jackets zone.
13:09 of 2nd period - Wrist shot by Dustin Penner.
13:09 of 2nd period - Shot Blocked by Tyler Myers.
13:13 of 2nd period - Snap shot by Steven Stamkos.
13:13 of 2nd period - Shot Blocked by Branislav Mezei.
14:55 of 2nd period - Penalty to Joe Thornton is over, Joe Thornton is back on ice.
15:03 of 2nd period - Snap shot by Ladislav Nagy.
15:03 of 2nd period - Stopped by Rick DiPietro with a rebound.
15:05 of 2nd period - Wrist shot by Ladislav Nagy.
15:05 of 2nd period - Stopped by Rick DiPietro with a rebound.
15:07 of 2nd period - Slapshot by Brian McGrattan.
15:07 of 2nd period - Shot Misses the Net.
15:09 of 2nd period - Wrist shot by Brian McGrattan.
15:09 of 2nd period - Stopped by Rick DiPietro without a rebound.
15:10 of 2nd period - David Booth wins face-off versus Oleg Kvasha in Blue Jackets zone.
15:19 of 2nd period - Snap shot by David Booth.
15:19 of 2nd period - Shot Misses the Net.
15:21 of 2nd period - Wrist shot by Joe Thornton.
15:21 of 2nd period - Goal by Joe Thornton - Blue Jackets : 2 - Penguins : 1.
15:22 of 2nd period - Ryan Kesler wins face-off versus Joe Thornton in neutral zone.
15:56 of 2nd period - Snap shot by Marcus Nilson.
15:56 of 2nd period - Stopped by Brian Elliott with a rebound.
15:58 of 2nd period - Slapshot by François Beauchemin.
15:58 of 2nd period - Deflect By Steven Stamkos.
15:58 of 2nd period - Stopped by Brian Elliott without a rebound.
15:59 of 2nd period - Steven Stamkos wins face-off versus Joe Thornton in Penguins zone.
16:10 of 2nd period - Wrist shot by Steven Stamkos.
16:10 of 2nd period - Shot Blocked by Patric Hornqvist.
16:21 of 2nd period - Icing by Patric Hornqvist.
16:22 of 2nd period - Joe Thornton wins face-off versus Simon Gagné in Blue Jackets zone.
16:56 of 2nd period - Ryan Kesler is hit by Kevin Bieksa and loses puck.
17:07 of 2nd period - Slapshot by Bobby Ryan.
17:07 of 2nd period - Deflect By Ryan Kesler.
17:07 of 2nd period - Shot Misses the Net.
17:07 of 2nd period - Puck is out of play.
17:08 of 2nd period - Joe Thornton wins face-off versus Steven Stamkos in Blue Jackets zone.
17:08 of 2nd period - Joe Thornton is hit by Steven Stamkos.
17:34 of 2nd period - Brendan Smith is hit by Ramzi Abid and loses puck.
17:57 of 2nd period - Snap shot by Brian McGrattan.
17:57 of 2nd period - Shot Misses the Net.
Goals for this period are 2 for Blue Jackets vs 1 for Penguins.
Shots for this period are 11 for Blue Jackets vs 8 for Penguins.

3rd period


0:01 of 3rd period - Joe Thornton wins face-off versus Steven Stamkos in neutral zone.
0:01 of 3rd period - Joe Thornton is hit by Dustin Penner.
0:17 of 3rd period - Wrist shot by David Booth.
0:17 of 3rd period - Stopped by Brian Elliott without a rebound.
0:18 of 3rd period - Jan Bulis wins face-off versus Ryan Kesler in Penguins zone.
0:22 of 3rd period - Minor Penalty to Sean Zimmerman for Holding.
0:23 of 3rd period - Simon Gagné wins face-off versus Joe Thornton in Penguins zone.
0:52 of 3rd period - Slapshot by Marcus Nilson.
0:52 of 3rd period - Shot Misses the Net.
2:07 of 3rd period - Pavel Bure is hit by Duncan Keith and loses puck.
2:22 of 3rd period - Penalty to Sean Zimmerman is over, Sean Zimmerman is back on ice.
2:26 of 3rd period - Wrist shot by Cory Emmerton.
2:26 of 3rd period - Shot Misses the Net.
2:28 of 3rd period - Slapshot by Jason Ward.
2:28 of 3rd period - Shot Blocked by Duncan Keith.
2:36 of 3rd period - Wrist shot by Bobby Ryan.
2:36 of 3rd period - Goal by Bobby Ryan - Blue Jackets : 2 - Penguins : 2.
2:37 of 3rd period - Joe Thornton wins face-off versus Steven Stamkos in neutral zone.
3:13 of 3rd period - Snap shot by Marcus Nilson.
3:13 of 3rd period - Shot Blocked by Brent Sopel.
3:35 of 3rd period - Slapshot by Ryan Kesler.
3:35 of 3rd period - Shot Misses the Net.
3:37 of 3rd period - Backhand shot by Brent Sopel.
3:37 of 3rd period - Shot Blocked by Mike Commodore.
3:57 of 3rd period - Wrist shot by Ryan Kesler.
3:57 of 3rd period - Shot Blocked by Mike Commodore.
3:59 of 3rd period - Slapshot by Sean Zimmerman.
3:59 of 3rd period - Stopped by Rick DiPietro with a rebound.
4:01 of 3rd period - Slapshot by Brent Sopel.
4:01 of 3rd period - Stopped by Rick DiPietro with a rebound.
4:03 of 3rd period - Wrist shot by Bobby Ryan.
4:03 of 3rd period - Stopped by Rick DiPietro without a rebound.
4:04 of 3rd period - Steven Stamkos wins face-off versus Patric Hornqvist in Blue Jackets zone.
4:26 of 3rd period - Minor Penalty to Joe Thornton for Slashing.
4:27 of 3rd period - Steven Stamkos wins face-off versus Dave Steckel in Blue Jackets zone.
4:42 of 3rd period - Sean Zimmerman is hit by Branislav Mezei.
5:07 of 3rd period - Sean Zimmerman is hit by Branislav Mezei and loses puck.
6:18 of 3rd period - Simon Gagné is hit by Marcus Nilson and loses puck.
6:26 of 3rd period - Penalty to Joe Thornton is over, Joe Thornton is back on ice.
7:34 of 3rd period - Jeff Taffe is hit by Nathan Horton and loses puck.
7:45 of 3rd period - Steven Stamkos is hit by Cory Emmerton and loses puck.
8:04 of 3rd period - Off-side.
8:05 of 3rd period - Oleg Kvasha wins face-off versus Jan Bulis in neutral zone.
8:10 of 3rd period - Wrist shot by Steve Sullivan.
8:10 of 3rd period - Shot Blocked by Marcus Nilson.
9:11 of 3rd period - Wrist shot by Ladislav Nagy.
9:11 of 3rd period - Deflect By Brian McGrattan.
9:11 of 3rd period - Stopped by Rick DiPietro with a rebound.
9:13 of 3rd period - Snap shot by Denis Arkhipov.
9:13 of 3rd period - Shot Blocked by Kevin Bieksa.
9:25 of 3rd period - Cory Emmerton is hit by Luke Schenn and loses puck.
9:30 of 3rd period - Snap shot by Steve Sullivan.
9:30 of 3rd period - Shot Misses the Net.
9:32 of 3rd period - Wrist shot by Steve Sullivan.
9:32 of 3rd period - Shot Hit the Post.
9:36 of 3rd period - Slapshot by David Jones.
9:36 of 3rd period - Shot Misses the Net.
9:38 of 3rd period - Slapshot by Brendan Smith.
9:38 of 3rd period - Stopped by Rick DiPietro without a rebound.
9:39 of 3rd period - Dave Steckel wins face-off versus Ryan Kesler in Blue Jackets zone.
9:44 of 3rd period - Snap shot by Ramzi Abid.
9:44 of 3rd period - Shot Misses the Net.
9:46 of 3rd period - Wrist shot by Ramzi Abid.
9:46 of 3rd period - Deflect By Dave Steckel.
9:46 of 3rd period - Shot Misses the Net.
9:46 of 3rd period - Puck is out of play.
9:47 of 3rd period - Adam Deadmarsh wins face-off versus Ryan Kesler in Penguins zone.
9:52 of 3rd period - Wrist shot by Ramzi Abid.
9:52 of 3rd period - Stopped by Brian Elliott without a rebound.
9:53 of 3rd period - Ryan Kesler wins face-off versus Joe Thornton in Penguins zone.
10:06 of 3rd period - Snap shot by Ryan Kesler.
10:06 of 3rd period - Stopped by Rick DiPietro without a rebound.
10:07 of 3rd period - Dustin Penner wins face-off versus Joe Thornton in Blue Jackets zone.
10:08 of 3rd period - Snap shot by Steven Stamkos.
10:08 of 3rd period - Goal by Steven Stamkos - Blue Jackets : 2 - Penguins : 3.
10:09 of 3rd period - Dustin Penner wins face-off versus Joe Thornton in neutral zone.
10:17 of 3rd period - Minor Penalty to Joe Thornton for Hooking.
10:18 of 3rd period - Dave Steckel wins face-off versus Steven Stamkos in Blue Jackets zone.
10:40 of 3rd period - Icing by Dustin Penner.
10:41 of 3rd period - Steven Stamkos wins face-off versus Dave Steckel in Penguins zone.
10:45 of 3rd period - Icing by Brooks Orpik.
10:46 of 3rd period - Dave Steckel wins face-off versus Steven Stamkos in Penguins zone.
11:08 of 3rd period - Slapshot by Branislav Mezei.
11:08 of 3rd period - Shot Misses the Net.
11:10 of 3rd period - Wrist shot by David Booth.
11:10 of 3rd period - Deflect By Dave Steckel.
11:10 of 3rd period - Stopped by Brian Elliott with a rebound.
12:06 of 3rd period - Slapshot by Steven Stamkos.
12:06 of 3rd period - Stopped by Rick DiPietro without a rebound.
12:07 of 3rd period - Dave Steckel wins face-off versus Ryan Kesler in Blue Jackets zone.
12:17 of 3rd period - Penalty to Joe Thornton is over, Joe Thornton is back on ice.
12:27 of 3rd period - Slapshot by Branislav Mezei.
12:27 of 3rd period - Shot Blocked by David Jones.
12:33 of 3rd period - Dave Steckel is hit by David Jones and loses puck.
12:38 of 3rd period - Slapshot by David Jones.
12:38 of 3rd period - Deflect By Oleg Kvasha.
12:38 of 3rd period - Stopped by Rick DiPietro with a rebound.
12:56 of 3rd period - Snap shot by Brian McGrattan.
12:56 of 3rd period - Stopped by Rick DiPietro with a rebound.
12:58 of 3rd period - Snap shot by Denis Arkhipov.
12:58 of 3rd period - Shot Misses the Net.
13:18 of 3rd period - Snap shot by Cory Emmerton.
13:18 of 3rd period - Deflect By Jason Ward.
13:18 of 3rd period - Shot Blocked by Ryan Kesler.
13:18 of 3rd period - Puck is out of play.
13:19 of 3rd period - Oleg Kvasha wins face-off versus Jan Bulis in Penguins zone.
13:19 of 3rd period - Oleg Kvasha is hit by François Beauchemin.
13:27 of 3rd period - Wrist shot by Steve Sullivan.
13:27 of 3rd period - Shot Misses the Net.
13:29 of 3rd period - Snap shot by Steve Sullivan.
13:29 of 3rd period - Stopped by Rick DiPietro with a rebound.
13:31 of 3rd period - Snap shot by David Jones.
13:31 of 3rd period - Stopped by Rick DiPietro without a rebound.
13:32 of 3rd period - Ryan Kesler wins face-off versus Patric Hornqvist in Blue Jackets zone.
14:59 of 3rd period - Off-side.
15:00 of 3rd period - Cory Emmerton wins face-off versus Denis Arkhipov in neutral zone.
15:05 of 3rd period - Ladislav Nagy is hit by Jeff Taffe and loses puck.
15:16 of 3rd period - Ladislav Nagy is hit by Jason Ward and loses puck.
16:05 of 3rd period - Slapshot by Denis Arkhipov.
16:05 of 3rd period - Stopped by Rick DiPietro without a rebound.
16:06 of 3rd period - David Jones wins face-off versus Dave Steckel in Blue Jackets zone.
16:20 of 3rd period - Minor Penalty to Dave Steckel for Hooking.
16:21 of 3rd period - Ryan Kesler wins face-off versus Joe Thornton in Blue Jackets zone.
17:19 of 3rd period - François Beauchemin is hit by Steven Stamkos.
18:20 of 3rd period - Penalty to Dave Steckel is over, Dave Steckel is back on ice.
19:01 of 3rd period - Blue Jackets, Rick DiPietro is pulled from the net.
19:01 of 3rd period - Slapshot by François Beauchemin.
19:01 of 3rd period - Shot Misses the Net.
19:29 of 3rd period - Snap shot by Simon Gagné.
19:29 of 3rd period - Shot Blocked by François Beauchemin.
19:31 of 3rd period - Wrist shot by Ryan Kesler.
19:31 of 3rd period - Goal by Ryan Kesler - Blue Jackets : 2 - Penguins : 4.
19:31 of 3rd period - Rick DiPietro from Blue Jackets was sent back in the game.
19:32 of 3rd period - Ramzi Abid wins face-off versus Dustin Penner in neutral zone.
19:35 of 3rd period - Duncan Keith is hit by Jeff Taffe.
Goals for this period are 0 for Blue Jackets vs 3 for Penguins.
Shots for this period are 3 for Blue Jackets vs 15 for Penguins.